 Dungeon Crawl Stone Soup version 0.29.1-1-gd02db6906a (webtiles) character file.

Game seed: 11881269159878233063

181027 LabCoat the Severer (level 18, -2/166 HPs)
             Began as a Hill Orc Fighter on Sept 22, 2022.
             Was a High Priest of Trog.
             Succumbed to a swamp dragon's poison gas
             ... on level 3 of the Swamp.
             The game lasted 02:10:48 (37831 turns).

LabCoat the Severer (Hill Orc Fighter)             Turns: 37831, Time: 02:10:49

Health: -2/166     AC: 33    Str: 27    XL:     18   Next: 29%
Magic:  18/18      EV:  8    Int:  8    God:    Trog [*****.]
Gold:   2873       SH: 13    Dex: 13    Spells: 17/17 levels left

rFire   . . .      SeeInvis +   V - +2 broad axe (flame)
rCold   . . .      Faith    .   c - +1 buckler
rNeg    . . .      Spirit   .   X - +5 plate armour of Jigsaw {Dex+3}
rPois   .          Reflect  +   I - +0 helmet
rElec   .          Harm     .   j - +1 cloak
rCorr   .          Rampage  .   q - +0 pair of gloves
Will    +....                   d - +0 pair of boots
Stlth   ..........              H - amulet of reflection
HPRegen 0.37/turn               o - +4 ring of protection
MPRegen 0.16/turn               O - ring of see invisible

@: lethally poisoned (-2 -> -19)
A: no striking features
a: Renounce Religion, Berserk, Trog's Hand, Brothers in Arms


You were on level 3 of the Swamp.
You worshipped Trog.
Trog was extremely pleased with you.
You visited 5 branches of the dungeon, and saw 26 of its levels.
You also visited: Bailey, Gauntlet and Volcano.

You collected 3445 gold pieces.
You spent 572 gold pieces at shops.

Inventory:

Hand Weapons
 a - a +0 vorpal battleaxe
 u - a +0 morningstar
 U - a +3 antimagic war axe
 V - a +2 broad axe of flaming (weapon)
Missiles
 f - 4 javelins
 m - 3 boomerangs (quivered)
 n - 33 poisoned darts
 K - 6 curare-tipped darts
Armour
 c - a +1 buckler (worn)
 d - a +0 pair of boots (worn)
 j - a +1 cloak (worn)
 q - a +0 pair of gloves (worn)
 x - a scarf of resistance
 D - a +0 plate armour of positive energy
 I - a +0 helmet (worn)
 X - the +5 plate armour of Jigsaw (worn) {Dex+3}
   (You found it on level 4 of the Lair of Beasts)

   Dex:       It affects your dexterity (+3).
 Y - the -1 pair of boots of Lugys {rPois rCorr Int-4}
   (You found it on level 4 of the Lair of Beasts)

   Int:       It affects your intelligence (-4).
   rPois:     It protects you from poison.
   rCorr:     It protects you from acid and corrosion.
Jewellery
 b - a ring of positive energy
 h - an amulet of the acrobat
 o - a +4 ring of protection (left hand)
 t - a ring of poison resistance
 y - a +6 ring of dexterity
 z - a ring of fire
 H - an amulet of reflection (around neck)
 L - an amulet of guardian spirit
 N - a +6 ring of dexterity
 O - a ring of see invisible (right hand)
Wands
 g - a wand of flame (3)
 T - a wand of digging (7)
 Z - a wand of polymorph (12)
Scrolls
 k - 7 scrolls of enchant weapon
 l - a scroll of brand weapon
 s - a scroll of blinking
 v - 6 scrolls of teleportation
 F - 3 scrolls of fog
 G - a scroll of silence
 J - 4 scrolls of fear
 R - a scroll of poison {unknown}
 S - a scroll of immolation {unknown}
 W - 2 scrolls of summoning
Potions
 i - a potion of heal wounds
 p - 2 potions of lignification
 r - 5 potions of flight
 w - 5 potions of curing
 A - 5 potions of resistance
 B - 2 potions of magic
 C - 5 potions of cancellation
 E - 2 potions of haste
 P - 10 potions of ambrosia
Miscellaneous
 e - a condenser vane (inert)


   Skills:
 * Level 15.8 Fighting
 - Level 20.0 Axes
 - Level 10.0 Throwing
 * Level 14.6 Armour
 + Level 14.0 Shields
 + Level 12.4 Evocations


You had 17 spell levels left.
You didn't know any spells.
Your spell library contained the following spells:

 Spells                   Type           Power      Damage    Failure   Level
 Foxfire                  Conj/Fire      0%         2x1d4     97%         1
 Sting                    Tmut/Pois      0%         1d3       97%         1
 Blink                    Tloc           0%         N/A       99%         2
 Conjure Flame            Conj/Fire      0%         6-21      100%        3
 Frozen Ramparts          Ice            0%         1d1       100%        3
 Gell's Gravitas          Tloc           0%         N/A       100%        3
 Inner Flame              Hex/Fire       0%         N/A       100%        3
 Lesser Beckoning         Tloc           0%         N/A       100%        3
 Teleport Other           Tloc           0%         N/A       100%        3
 Animate Armour           Summ/Erth      0%         N/A       100%        4
 Cause Fear               Hex            0%         N/A       100%        4
 Corpse Rot               Necr/Pois/Air  0%         N/A       100%        4
 Dispel Undead            Necr           0%         3d6       100%        4
 Flame Wave               Conj/Fire      0%         2d4       100%        4
 Ice Form                 Ice/Tmut       0%         N/A       100%        4
 Summon Ice Beast         Ice/Summ       0%         N/A       100%        4
 Summon Lightning Spire   Summ/Air       0%         N/A       100%        4
 Blade Hands              Tmut           0%         N/A       100%        5
 Freezing Cloud           Conj/Ice/Air   0%         6-21      100%        5
 Manifold Assault         Tloc           0%         N/A       100%        5
 Conjure Ball Lightning   Conj/Air       0%         3x3d6     100%        6
 Death Channel            Necr           0%         N/A       100%        6
 Iron Shot                Conj/Erth      0%         9d1       100%        6
 Simulacrum               Ice/Necr       0%         N/A       100%        6
 Dragon Form              Tmut           0%         N/A       100%        7
 Storm Form               Tmut/Air       0%         N/A       100%        7
 Chain Lightning          Conj/Air       0%         N/A       100%        9
 Dragon's Call            Summ           0%         N/A       100%        9
 Polar Vortex             Ice            0%         N/A       100%        9


Dungeon Overview and Level Annotations

Branches:
Dungeon (14/15)            Temple (1/1) D:6            Lair (5/5) D:11
  Swamp (4/4) Lair:2        Snake (0/4) Lair:3        Slime (0/5) Lair:5
    Orc (2/2) D:11            Elf (0/3) Orc:2        Vaults (0/5) D:14
 Bailey (visited)         Volcano (visited)         Gauntlet (visited)

Altars:
Ashenzari
Cheibriados
Dithmenos
Elyvilon
Fedhas
Gozag
Hepliaklqana
Kikubaaqudgha
Makhleb
Nemelex Xobeh
Okawaru
Qazlal
Ru
Sif Muna
Trog
Uskayaw
Vehumet
Wu Jian
Xom
Yredelemnul
Zin
The Shining One
Beogh
Jiyva

Shops:
D:1 :   Orc:2 ?![!

Portals:
Hell: Lair:5

Annotations:
D:5 2 transporters, cariele's ghost, amateur PaBe
D:11 3 runed translucent doors, DoubleLucky's ghost, journeyman DrFE
D:12 2 transporters
Lair:5 1 runed translucent door


Message History

You enter the shallow water.
Moving in this stuff is going to be slow.
You are engulfed in poison gas.
You are more poisoned.
You feel extremely sick.
You feel extremely sick.
You feel very sick.
The swamp dragon breathes poison at you.
The blast of poison engulfs you!
You are more poisoned.
You are engulfed in poison gas.
You are more poisoned.
You feel extremely sick.
You enter the shallow water.
Moving in this stuff is going to be slow.
You are engulfed in poison gas.
You are more poisoned.
* * * LOW HITPOINT WARNING * * *
You feel extremely sick.
You feel better.
You are engulfed in poison gas.
You are poisoned.
You feel very sick.
You feel very sick.
The swamp dragon breathes poison at you.
The blast of poison engulfs you but does no damage.
You are more poisoned.
You are engulfed in poison gas.
You are more poisoned.
* * * LOW HITPOINT WARNING * * *
x2 You feel extremely sick.
There is a stone staircase leading up, spattered with blood here.
You feel better.
You are engulfed in poison gas.
You are poisoned.
* * * LOW HITPOINT WARNING * * *
You feel very sick.
You are engulfed in poison gas.
You are lethally poisoned!
* * * LOW HITPOINT WARNING * * *
x2 You feel very sick.
You climb upwards.
You die...

♣♣♣♣♣ ♣♣♣♣ ♣♣~..♣♣
♣♣♣♣~~♣ ♣♣.~~~.♣
♣♣~~.~~.
♣~.~~~.♣♣♣♣♣.~~~~§~
♣♣..~..~♣♣.)..~~~~~
♣♣♣.~~§<~~..♣..~~~~~
♣..~~~~♣♣...♣.~~~~~~
♣.[~÷~~♣♣...♣.~~~~~~
♣♣♣♣♣~.@~~.♣♣♣~♣.♣.~~~.~
♣..♣~.~.~~[..♣♣.~.~.~.~~
♣.~♣.~~♣♣♣~...♣§~♣♣♣..~§
♣♣♣~...♣ ♣♣♣.....♣ ♣♣...
♣♣~..♣♣♣♣♣♣.~.~.♣ ♣♣♣♣
♣~.~~♣♣≈≈~..♣♣♣♣♣ ♣~
♣♣.~~♣♣♣≈≈~≈~~♣ ♣♣
♣♣~~~~~♣♣≈~~~≈≈♣ ♣♣♣
♣~~...♣♣♣≈~.~≈≈♣♣♣♣.♣♣
♣♣


There were no monsters in sight!

Vanquished Creatures
  Gastronok (D:8)
  A thorn hunter (Swamp:1)
  A fenstrider witch (Swamp:3)
  An orc warlord (D:11)
  2 ghouls (Swamp:1)
  An ironbound preserver (D:14)
  A minotaur (Gauntlet)
  6 eleionomae
  A bunyip (Swamp:2)
  A red draconian (Volcano)
  2 dire elephants (Lair:5)
  Josephine (D:11)
  Erolcha (D:11)
  13 hydras
  5 ogre magi
  A ghost crab (Swamp:2)
  2 boulder beetles
  6 centaur warriors
  2 alligators (Swamp:1)
  Erica (Lair:2)
  26 two-headed ogres
  13 slime creatures
  7 death yaks
  An orc high priest (Orc:2)
  Sonja (Lair:3)
  2 thrashing horrors (Gauntlet)
  Nergalle (D:10)
  A sixfirhy (Lair:5)
  A skeletal warrior (D:14)
  7 goliath frogs
  An obsidian statue (Gauntlet)
  4 spriggan druids
  3 swamp dragons
  A wizard (Lair:5)
  8 bog bodies
  A lindwurm (shapeshifter) (D:14)
  2 orc knights
  2 deep elf pyromancers
  3 orc sorcerers (Orc:2)
  7 ugly things
  A cyclops (D:14)
  4 manticores
  5 will-o-the-wisps
  7 elephants
  10 black mambas
  Joseph (D:8)
  A torpor snail (Lair:3)
  13 cane toads
  A yaktaur (shapeshifter) (D:14)
  4 orange demons (Lair:5)
  6 rime drakes
  2 gargoyles
  A minotaur zombie (Gauntlet)
  An unseen horror (D:12)
  18 komodo dragons
  2 ice devils
  A komodo dragon (shapeshifter) (D:13)
  A red devil (Lair:5)
  A hellwing (Lair:5)
  A tengu conjurer (D:14)
  A queen bee (Lair:3)
  9 hornets
  6 trolls
  A bloated husk (Swamp:4)
  10 tyrant leeches
  14 blink frogs
  A raiju (Gauntlet)
  4 dream sheep (Lair:5)
  2 jumping spiders (shapeshifter)
  Sigmund (D:4)
  2 vampires
  2 shadows
  2 centaur simulacra (Gauntlet)
  10 spriggans
  6 wyverns
  3 basilisks
  19 yaks
  7 wraiths
  9 vampire mosquitoes
  4 steam dragons
  Menkaure (D:5)
  14 swamp worms
  4 wargs
  24 water moccasins
  2 acid dragons
  3 hell hounds (Lair:5)
  A meliai simulacrum (D:13)
  5 swamp drakes
  2 black bears
  16 orc warriors
  4 sky beasts
  2 ice beasts (D:6)
  32 ogres
  18 wolves
  7 centaurs
  A kobold brigand (D:6)
  2 gnoll sergeants
  17 bullfrogs
  2 scorpions
  5 wights
  28 killer bees
  2 electric eels (Lair:3)
  7 howler monkeys
  7 vampire bats
  4 wolf zombies (Bailey)
  A wyvern simulacrum (Gauntlet)
  9 orc priests
  2 hounds
  2 jellies
  4 gnoll boudas
  5 iguanas
  Ijyb (D:5)
  Natasha (thrice) (D:2)
  18 orc wizards
  7 hell rats (Lair:5)
  4 small abominations (Gauntlet)
  Robin (D:2)
  18 gnolls
  8 adders
  A shadow imp (D:7)
  3 white imps
  2 ufetubi
  5 worms
  3 dart slugs
  56 orcs
  8 ball pythons
  14 bats
  7 endoplasms
  3 giant cockroaches
  9 hobgoblins
  9 quokkas
  3 frilled lizards
  17 goblins
  10 kobolds
  21 orc zombies (Bailey)
  6 rats
806 creatures vanquished.

Vanquished Creatures (collateral kills)
  A ghoul (Swamp:1)
  A polar bear (Lair:2)
  4 blink frogs (Lair:2)
  A necrophage (Swamp:1)
7 creatures vanquished.

Vanquished Creatures (others)
  A killer bee (D:8)
  A bush (Swamp:4)
  4 demonic plants (Gauntlet)
  24 foxfires
  43 fungi
  63 plants
136 creatures vanquished.

Grand Total: 949 creatures vanquished

Notes
Turn   | Place    | Note
-------+----------+-------------------------------------------
     0 | D:1      | LabCoat the Hill Orc Fighter began the quest for the Orb.
     0 | D:1      | Reached XP level 1. HP: 19/19 MP: 1/1
    87 | D:1      | Found a faded altar of an unknown god.
    93 | D:1      | Reached skill level 3 in Axes
   160 | D:1      | Reached XP level 2. HP: 27/27 MP: 2/2
   236 | D:1      | Found Qismuac's Book Shoppe.
   453 | D:1      | Reached XP level 3. HP: 33/33 MP: 3/3
   913 | D:2      | Reached skill level 1 in Evocations
   913 | D:2      | Reached XP level 4. HP: 25/40 MP: 4/4
   914 | D:2      | Reached skill level 1 in Throwing
   916 | D:2      | Reached skill level 4 in Axes
  1122 | D:2      | Noticed Robin
  1130 | D:2      | Killed Robin
  1132 | D:2      | Noticed Natasha
  1140 | D:2      | Killed Natasha
  1141 | D:2      | Reached XP level 5. HP: 23/46 MP: 5/5
  1316 | D:2      | Noticed Natasha
  1322 | D:2      | Killed Natasha
  1508 | D:2      | Noticed Natasha
  1516 | D:2      | Killed Natasha
  1517 | D:2      | Reached skill level 5 in Axes
  1537 | D:2      | Reached XP level 6. HP: 31/53 MP: 6/6
  1760 | D:2      | Found the +5 glaive of the Guard {elec, spectral, AC+5}
  3240 | D:4      | Noticed Sigmund
  3245 | D:4      | Killed Sigmund
  3246 | D:4      | Reached skill level 6 in Axes
  3246 | D:4      | Reached XP level 7. HP: 60/60 MP: 7/7
  3386 | D:4      | Reached skill level 5 in Fighting
  4183 | D:5      | Entered Level 5 of the Dungeon
  4255 | D:5      | Noticed cariele's ghost (amateur PaBe)
  4260 | D:5      | Noticed a hornet
  4278 | D:5      | Found a transporter.
  4283 | D:5      | Found a transporter.
  4478 | D:5      | Noticed Menkaure
  4488 | D:5      | Killed Menkaure
  4489 | D:5      | Reached skill level 7 in Axes
  4489 | D:5      | Reached XP level 8. HP: 69/69 MP: 8/8
  4666 | D:5      | Noticed Ijyb
  4676 | D:5      | Killed Ijyb
  4903 | D:5      | Reached skill level 5 in Armour
  4903 | D:5      | Reached skill level 5 in Shields
  5273 | D:6      | Found a staircase to the Ecumenical Temple.
  5280 | Temple   | Entered the Ecumenical Temple
  5293 | Temple   | Became a worshipper of Trog the Wrathful
  5453 | D:6      | Reached skill level 8 in Axes
  5688 | D:6      | Reached XP level 9. HP: 72/75 MP: 9/9
  5706 | D:6      | Found a radiant altar of Vehumet.
  6392 | D:7      | Noticed a two-headed ogre
  6400 | D:6      | Killed a two-headed ogre
  6401 | D:6      | Reached skill level 9 in Axes
  6627 | D:7      | Reached * piety under Trog
  6779 | D:7      | Found a flagged portal.
  6786 | D:7      | Reached skill level 10 in Axes
  6788 | Bailey   | Entered a bailey
  7084 | Bailey   | Reached skill level 5 in Evocations
  7084 | Bailey   | Reached XP level 10. HP: 83/86 MP: 10/10
  7417 | Bailey   | Noticed a gargoyle
  7432 | Bailey   | Killed a gargoyle
  8096 | Bailey   | Reached ** piety under Trog
  9095 | D:8      | Noticed a two-headed ogre
  9102 | D:8      | Killed a two-headed ogre
  9103 | D:8      | Reached skill level 11 in Axes
  9168 | D:8      | Reached skill level 5 in Throwing
  9188 | D:8      | Found a sparkling altar of Nemelex Xobeh.
  9406 | D:8      | Noticed a two-headed ogre
  9417 | D:8      | Killed a two-headed ogre
  9608 | D:8      | Found a sacrificial altar of Ru.
  9965 | D:8      | Noticed Joseph
  9981 | D:8      | Killed Joseph
  9982 | D:8      | Reached XP level 11. HP: 88/95 MP: 11/11
 10047 | D:8      | Reached skill level 12 in Axes
 10203 | D:8      | Noticed Gastronok
 10225 | D:8      | Killed Gastronok
 10233 | D:8      | Got the Quarto of Air and Impurities
 10511 | D:9      | Reached *** piety under Trog
 10998 | D:9      | Noticed a two-headed ogre
 11006 | D:9      | Killed a two-headed ogre
 11347 | D:9      | Found a faded altar of an unknown god.
 11347 | D:9      | Found an ornate altar of the Wu Jian Council.
 11354 | D:9      | Found a faded altar of an unknown god.
 11356 | D:9      | Found a glowing golden altar of the Shining One.
 11358 | D:9      | Found a blossoming altar of Fedhas.
 11586 | D:10     | Entered Level 10 of the Dungeon
 11586 | D:10     | Noticed Nergalle
 11593 | D:10     | Killed Nergalle
 11639 | D:10     | Reached skill level 13 in Axes
 11750 | D:10     | You fall into a shaft and drop 1 floor!
 11999 | D:10     | Reached **** piety under Trog
 12570 | D:11     | Noticed a two-headed ogre
 12577 | D:11     | Killed a two-headed ogre
 12637 | D:11     | Noticed Josephine
 12653 | D:11     | Killed Josephine
 12654 | D:11     | Reached XP level 12. HP: 87/105 MP: 12/12
 13065 | D:11     | Noticed Erolcha
 13068 | D:11     | Killed Erolcha
 13112 | D:11     | Found a runed translucent gate.
 13113 | D:11     | Found a runed translucent gate.
 13113 | D:11     | Found a runed translucent gate.
 13114 | D:11     | Noticed a nine-headed hydra
 13114 | D:11     | Noticed a nine-headed hydra
 13114 | D:11     | Noticed DoubleLucky's ghost (journeyman DrFE)
 13134 | D:11     | Found a staircase to the Orcish Mines.
 13168 | D:11     | Noticed a two-headed ogre
 13179 | D:11     | Killed a two-headed ogre
 13359 | D:11     | Reached skill level 14 in Axes
 13677 | D:11     | Found a staircase to the Lair.
 14586 | Lair:1   | Entered Level 1 of the Lair of Beasts
 14702 | Lair:1   | Found a basalt altar of Yredelemnul.
 15194 | Lair:1   | Reached skill level 10 in Fighting
 15880 | Lair:1   | Reached skill level 15 in Axes
 16213 | Lair:1   | Noticed a boulder beetle
 16232 | Lair:1   | Killed a boulder beetle
 16233 | Lair:1   | Reached XP level 13. HP: 95/114 MP: 10/13
 16805 | Lair:2   | Noticed Erica
 16817 | Lair:2   | Killed Erica
 16817 | Lair:2   | Reached ***** piety under Trog
 16876 | Lair:2   | Found a gate leading to a gauntlet.
 16886 | Gauntlet | Entered a Gauntlet
 16886 | Gauntlet | Found a transporter.
 17193 | Gauntlet | Found a transporter.
 17196 | Gauntlet | Found a transporter.
 17197 | Gauntlet | Found a transporter.
 17208 | Gauntlet | Found a transporter.
 17209 | Gauntlet | Found a transporter.
 17209 | Gauntlet | Found a transporter.
 17218 | Gauntlet | Found a transporter.
 17220 | Gauntlet | Found a transporter.
 17221 | Gauntlet | Found a transporter.
 17232 | Gauntlet | Found a transporter.
 17232 | Gauntlet | Found a transporter.
 17233 | Gauntlet | Found a transporter.
 17241 | Gauntlet | Found a transporter.
 17290 | Gauntlet | Found a runed translucent door.
 17408 | Gauntlet | Reached skill level 10 in Shields
 17840 | Gauntlet | Reached skill level 10 in Armour
 17885 | Gauntlet | Noticed a minotaur
 17900 | Gauntlet | Killed a minotaur
 18131 | Lair:2   | Found a staircase to the Swamp.
 18193 | Lair:2   | Reached skill level 16 in Axes
 19618 | Lair:3   | Found a dark tunnel.
 19647 | Volcano  | Entered a volcano
 19666 | Volcano  | Found a bloodstained altar of Trog.
 19669 | Volcano  | Noticed a red draconian
 19672 | Volcano  | Paralysed by something for 3 turns
 19696 | Volcano  | Reached XP level 14. HP: 38/124 MP: 3/14
 19699 | Volcano  | Killed a red draconian
 20290 | Lair:3   | Found a staircase to the Snake Pit.
 20745 | Lair:3   | Noticed Sonja
 20768 | Lair:3   | Killed Sonja
 20769 | Lair:3   | Reached skill level 17 in Axes
 23021 | Lair:4   | You fall into a shaft and drop 1 floor!
 23021 | Lair:5   | Entered Level 5 of the Lair of Beasts
 23688 | Lair:5   | Found a runed translucent door.
 23689 | Lair:5   | Found a viscous altar of Jiyva.
 23690 | Lair:5   | Found a staircase to the Slime Pits.
 23690 | Lair:5   | Noticed an azure jelly
 23691 | Lair:5   | Noticed an azure jelly
 23812 | Lair:4   | Received a gift from Trog
 23854 | Lair:4   | Identified the -1 pair of boots of Lugys {rPois rCorr
                  | Int-4}
 23922 | Lair:4   | Identified the +7 long sword of Victory {venom, rPois Will-
                  | Str+3}
 23926 | Lair:4   | Identified the +1 rapier of Lust {elec, rPois Will+ SInv}
 23990 | Lair:4   | Identified the +5 plate armour of Jigsaw {Dex+3}
 25116 | Lair:5   | Reached skill level 10 in Evocations
 25238 | Lair:5   | Reached skill level 18 in Axes
 25466 | Lair:5   | Reached XP level 15. HP: 118/134 MP: 15/15
 25694 | Lair:5   | Found a burning altar of Makhleb.
 26176 | Lair:5   | Found a gateway to Hell.
 26183 | Lair:5   | Identified the +4 sling "Widowmaker" {flame, +Blink Dex+5}
 26666 | Orc:1    | Entered Level 1 of the Orcish Mines
 26666 | Orc:1    | Noticed an orc warlord
 26686 | D:11     | Killed an orc warlord
 27462 | Orc:2    | Entered Level 2 of the Orcish Mines
 27484 | Orc:2    | Received a gift from Trog
 27627 | Orc:2    | Found a roughly hewn altar of Beogh.
 27737 | Orc:2    | Found a staircase to the Elven Halls.
 27780 | Orc:2    | Found Noeckitu's Antique Armour Shop.
 27780 | Orc:2    | Found Lytomul's Magic Scroll Emporium.
 27783 | Orc:2    | Found Poracsow's Distillery.
 27783 | Orc:2    | Found Heeb's Distillery.
 27803 | Orc:2    | Reached skill level 19 in Axes
 27839 | Orc:2    | Received a gift from Trog
 28184 | Orc:2    | Bought a scroll of acquirement for 572 gold pieces
 28184 | Orc:2    | Acquired 759 gold pieces
 28953 | D:12     | Found a viscous altar of Jiyva.
 29274 | D:12     | Found a transporter.
 29274 | D:12     | Found a transporter.
 30162 | D:13     | Reached XP level 16. HP: 137/144 MP: 16/16
 30347 | D:14     | Identified the +2 robe "Cyewuata" {rElec rF+ rC- Slay+6}
 30377 | D:14     | Reached skill level 10 in Throwing
 31590 | D:14     | Reached skill level 20 in Axes
 31787 | D:14     | Found a gate to the Vaults.
 32144 | Swamp:1  | Entered Level 1 of the Swamp
 32323 | Swamp:1  | Noticed a thorn hunter
 32334 | Swamp:1  | Killed a thorn hunter
 32734 | Swamp:1  | You fall into a shaft and drop 1 floor!
 32824 | Swamp:2  | Received a gift from Trog
 32872 | Swamp:2  | HP: 10/219 [spriggan/+0 spear (10)]
 35761 | Swamp:3  | Reached XP level 17. HP: 154/154 MP: 17/17
 36677 | Swamp:4  | Entered Level 4 of the Swamp
 36741 | Swamp:4  | Reached skill level 15 in Fighting
 36741 | Swamp:4  | Reached XP level 18. HP: 163/163 MP: 18/18
 37472 | Swamp:4  | Received a gift from Trog
 37830 | Swamp:4  | HP: 3/166 [poisoned by a swamp dragon (poison gas)]
 37831 | Swamp:3  | Succumbed to a swamp dragon's poison gas

Illustrated notes

Levels and vault maps discovered:
D:1:      wander_arrival_chamber, layout_loops_ring, serial_shops,
          nicolae_diamond_shop, hellmonk_ecumenical_altar_slurped_away
D:2:      minmay_chambers_of_twos, layout_basic, dreamdust_princess_corridor,
          minmay_misc_feat_cross, minmay_tetromino_l2, uniq_robin, uniq_natasha
D:3:      layout_basic
D:4:      layout_cave_pods, kennysheep_nondescript, uniq_sigmund
D:5:      layout_basic, serial_rivers, chequers_serial_rivers_marsh,
          chequers_serial_rivers_small_3, chequers_serial_rivers_room_a,
          chequers_serial_rivers_room_b, chequers_serial_rivers_micro_d,
          gammafunk_ghost_hive, uniq_ijyb, uniq_menkaure
D:6:      layout_loops_ring, fiery_altar_vehumet, temple_statues,
          serial_bayou_pond_a
D:7:      layout_gridville, enter_bailey_2, grunt_ministairs_12,
          minmay_curled_crystal
D:8:      layout_basic, mainiacjoe_overflow_catwalk_spiral,
          amcnicky_mini_pool_medium, uniq_joseph, uniq_gastronok
D:9:      layout_basic, chequers_temple_overflow_minitemple
D:10:     layout_cave_pools, special_room [special_room_orc], uniq_nergalle
D:11:     layout_loops_corners, david_lair_shrubbed, orc_0_dummy,
          gammafunk_ghost_hydra_chop, kennysheep_donut, grunt_ministairs_15,
          minmay_misc_feat_iff, uniq_erolcha, uniq_josephine
D:12:     gammafunk_jiyva_shrine, layout_basic
D:13:     layout_basic, dreamdust_princess_bridge
D:14:     layout_roguey, skrybe_vaults_entry_preservation,
          kennysheep_generic_room_12
Temple:   nicolae_temple_superstar
Lair:1:   layout_layer_cave, basic_altar, nicolae_quartered_pool_impasse,
          nzn_sisyphean_effort
Lair:2:   layout_gridlike, minmay_swamp_entry_worms, gauntlet_entry_generic,
          st_stairs_13, uniq_erica
Lair:3:   nzn_winding_woodlands_cross [nzn_winding_woodlands_5x15_lazy_stream,
          nzn_winding_woodlands_5x15_twine, nzn_winding_woodlands_5x15_zeroes,
          nzn_winding_woodlands_5x15_pockets,
          nzn_winding_woodlands_15x15_thick_spiral], layout_cave_shapes,
          special_room [special_room_bee], nicolae_volcano_entry_two_sided,
          roderic_batcave, serial_bayou_shore_a, uniq_sonja
Lair:4:   cheibrodos_lair_river_kwai, layout_loops_ring, grunt_megastairs_5,
          infiniplex_staircase_pool
Lair:5:   evil_forest, layout_cave_pods, slime_entry_2, serial_bayou_shore_b
Swamp:1:  layout_basic_swamp, serial_swamp_ruin, evilmike_swamp_ruin_house_2,
          evilmike_swamp_ruin_rubble_2, evilmike_swamp_ruin_house_1
Swamp:2:  layout_falls_marsh, evilmike_swamp_ruin_house_4
Swamp:3:  nicolae_swamp_decorative_isthmus, layout_basic_swamp,
          evilmike_swamp_ruin_house_6
Swamp:4:  grunt_swamp_rune_castle, layout_basic_swamp, swamp_pool2
Orc:1:    layout_diamond_mine
Orc:2:    st_orc_ogre_mass, layout_diamond_mine, basic_altar, sword_in_stone

Skill      XL: |  1  2  3  4  5  6  7  8  9 10 11 12 13 14 15 16 17 18 |
---------------+-------------------------------------------------------+-----
Axes           | 3 4 5 6 7 8 10 11 13 15 16 18 19 20 | 20.0
Evocations     | 1 2 3 4 5 6 7 8 9 10 12 | 12.4
Throwing       | 1 2 3 4 5 6 7 8 9 10 | 10.0
Fighting       | 4 5 6 7 8 9 10 11 12 13 14 15 | 15.8
Shields        | 4 5 6 7 8 9 10 11 12 13 14 | 14.0
Armour         | 4 5 6 7 8 9 10 11 12 13 14 | 14.6

Action                   |  1- 3 |  4- 6 |  7- 9 | 10-12 | 13-15 | 16-18 || total
-------------------------+-------+-------+-------+-------+-------+-------++-------
Melee: War axe           |    61 |   162 |   305 |   666 |   578 |       ||  1772
       Broad axe         |       |       |       |       |   448 |   603 ||  1051
       Morningstar       |       |       |       |       |    39 |       ||    39
Throw: Boomerang         |       |     3 |       |    64 |     8 |    49 ||   124
       Dart              |       |       |    22 |    47 |    14 |     6 ||    89
       Javelin           |       |       |     3 |     1 |    33 |    39 ||    76
Invok: Berserk           |       |       |       |     5 |     7 |     2 ||    14
       Trog's Hand       |       |       |       |     1 |     4 |     2 ||     7
       Brothers in Arms  |       |       |       |       |     1 |     1 ||     2
Evoke: Wand              |       |     8 |    21 |    38 |    23 |    41 ||   131
       Condenser vane    |       |       |       |       |     4 |     4 ||     8
  Use: Scroll            |     8 |     3 |     2 |     3 |    16 |     8 ||    40
       Potion            |       |     2 |     1 |     4 |    17 |     5 ||    29
 Stab: Paralysed         |       |       |       |       |     8 |     4 ||    12
Armor: Scale mail        |    38 |    74 |    34 |       |       |       ||   146
       Ring mail         |       |       |   127 |    36 |       |       ||   163
       Plate armour      |       |       |       |   383 |   597 |   279 ||  1259
Dodge: Dodged            |    31 |    64 |   121 |   200 |   298 |   105 ||   819
Block: Buckler           |    24 |    45 |    99 |   210 |   503 |   278 ||  1159
       Reflection        |       |       |       |       |     7 |    13 ||    20
